 Dungeon Crawl Stone Soup version 0.31-a0-691-g409c26aa35 (webtiles) character file.

Game seed: 11146710529119858506

94 qw the Shooter (level 4, -4/28 HPs)
             Began as a Gargoyle Hunter on Sept 6, 2023.
             Killed from afar by Natasha (8 damage)
             ... with a puff of flame
             ... on level 2 of the Dungeon.
             The game lasted 00:00:27 (1130 turns).

qw the Shooter (Gargoyle Hunter)                    Turns: 1130, Time: 00:00:28

Health: -4/28      AC:  6    Str: 14    XL:     4   Next: 63%
Magic:  4/4        EV: 11    Int: 10    God:
Gold:   61         SH:  0    Dex: 15    Spells: 3/3 levels left

rFire   . . .        Y - +0 shortbow (drain)
rCold   . . .        (shield currently unavailable)
rNeg    + . .        c - +0 leather armour
rPois   inf          (no helmet)
rElec   +            (no cloak)
rCorr   +            (no gloves)
SInv    .            (no boots)
Will    .....        (no amulet)
Stlth   ++           j - ring of resist corrosion
HPRegen 0.24/turn    (no ring)
MPRegen 0.09/turn

%: no passive effects
@: no status effects
A: sickness immunity, AC +3, negative energy resistance 1, electricity
resistance, torment resistance 1, petrification resistance
a: no special abilities


You were on level 2 of the Dungeon.
You visited 1 branch of the dungeon, and saw 2 of its levels.

You collected 61 gold pieces.


Innate Abilities, Weirdness & Mutations

You are immune to sickness and miasma.
Your stone body is resilient. (AC +3)
You are immune to poison.
You resist negative energy. (rN+)
You are resistant to electric shocks. (rElec)
You are resistant to unholy torment.
You are immune to petrification.


   Skills:
 - Level 3.4 Fighting
 + Level 5.3 Ranged Weapons
 - Level 1.5 Dodging
 - Level 1.1 Stealth


You had 3 spell levels left.
You didn't know any spells.
Your spell library was empty.

Inventory:

Hand Weapons
 Y - a +0 shortbow of draining (weapon)
Armour
 c - a +0 leather armour (worn)
 d - a +0 ring mail
 f - a +1 helmet
Jewellery
 j - a ring of resist corrosion (left hand)
Scrolls
 a - 4 scrolls of identify
 e - a scroll of amnesia {unknown}
 g - a scroll of teleportation {unknown}
 h - a scroll of poison {unknown}
Potions
 b - 4 potions of curing {unknown}

Dungeon Overview and Level Annotations

Branches:
Dungeon (2/15)

Altars:

Annotations:
D:2 Natasha


Message History

The gnoll hits you but does no damage.
You shoot an arrow. The arrow hits the gnoll!
You kill the gnoll!
The gnoll hits you from afar with a +0 spear.
You shoot an arrow. The arrow hits the gnoll.
The gnoll is almost dead.
The gnoll hits you with a +0 flail! The gnoll barely misses you.
You shoot an arrow. The arrow hits the gnoll.
You kill the gnoll!
The gnoll barely misses you.
You shoot an arrow. The arrow closely misses the gnoll.
The gnoll hits you but does no damage.
You shoot an arrow. The arrow hits the gnoll.
You drain the gnoll.
The gnoll is heavily wounded.
The gnoll barely misses you.
You shoot an arrow.
The arrow hits the gnoll but does no damage.
You drain the gnoll.
The gnoll is almost dead.
The gnoll hits you from afar with a +0 spear.
The gnoll completely misses you.
You shoot an arrow. The arrow closely misses the gnoll.
The gnoll hits you but does no damage.
You shoot an arrow. The arrow hits the gnoll!
You kill the gnoll!
You start resting.
Natasha, Servant of Life and Death comes into view.
She is carrying a wand of flame.
You shoot an arrow. The arrow barely misses Natasha.
Natasha hisses angrily.
You shoot an arrow. The arrow hits Natasha.
Natasha is lightly wounded.
You shoot an arrow. The arrow hits Natasha.
You drain Natasha.
Natasha is heavily wounded.
Natasha stares at you and mumbles some strange words.
You resist with some effort.
You shoot an arrow. The arrow closely misses Natasha.
Natasha zaps a wand.
The puff of flame hits you.
Natasha zaps a wand.
The puff of flame hits you!
You die...
Natasha begins licking her fur clean.

.# #..........# #. .#
#.########## #. .# #.#
#. .# #.# #. .# #.# #.
.# #.# #. #.# #. .
######.####### #. .
#..)@......... #.
#..h###.######.######.
#.$.... ..# #....<%..
#.#>..##### #########
.. ##.## .. .. # ###


You could see Natasha (very drained).

Vanquished Creatures
  Natasha (D:2)
  3 gnolls (D:2)
  A worm (D:2)
  3 ball pythons
  3 endoplasms
  2 giant cockroaches
  2 goblins
  4 hobgoblins
  3 jackals (D:1)
  3 quokkas
  3 bats
  2 frilled lizards
  A kobold (D:1)
  6 rats
37 creatures vanquished.

Notes
Turn   | Place    | Note
-------+----------+-------------------------------------------
     0 | D:1      | qw the Gargoyle Hunter began the quest for the Orb.
     0 | D:1      | Reached XP level 1. HP: 12/12 MP: 1/1
     0 | D:1      | 0 ||| qw: Version: 0.3-a-76-g4403597
     0 | D:1      | 0 ||| qw: Game counter: 17
     0 | D:1      | 0 ||| qw: Melee chars always use a shield: true
     0 | D:1      | 0 ||| qw: God list: Okawaru
     0 | D:1      | 0 ||| qw: Allow faded altars: false
     0 | D:1      | 0 ||| qw: Do Orc after clearing Dungeon:15 true
     0 | D:1      | 0 ||| qw: Do second Lair branch before Depths: true
     0 | D:1      | 0 ||| qw: Lair rune preference: random
     0 | D:1      | 0 ||| qw: Goals: Normal
     0 | D:1      | 0 ||| PLANNING D:1-11
   211 | D:1      | Reached XP level 2. HP: 14/17 MP: 2/2
   577 | D:1      | 577 ||| DROPPING scarf of shadows.
   578 | D:1      | 578 ||| UPGRADING to ring of resist corrosion.
   579 | D:1      | 579 ||| READING 4 scrolls labelled LOOCYAQATY.
   580 | D:1      | 580 ||| READING scroll labelled FYEPPI OR YVI.
   581 | D:1      | 581 ||| READING scroll labelled CIME USTINIRU.
   582 | D:1      | 582 ||| READING scroll labelled HISCHEK GOPT.
   583 | D:1      | 583 ||| READING scroll labelled ZAONLE JEANTAKAO.
   584 | D:1      | 584 ||| DROPPING scroll of butterflies.
   628 | D:2      | Reached XP level 3. HP: 18/21 MP: 3/3
   628 | D:2      | 628 ||| STAIRDANCE
   724 | D:2      | Reached skill level 5 in Ranged Weapons
  1027 | D:2      | Noticed Natasha
  1030 | D:2      | Killed Natasha
  1031 | D:2      | Reached skill level 3 in Fighting
  1031 | D:2      | Reached XP level 4. HP: 26/28 MP: 4/4
  1105 | D:2      | 1105 ||| Stepping ~*~*~tactically~*~*~ (retreating).
  1106 | D:2      | 1106 ||| Stepping ~*~*~tactically~*~*~ (retreating).
  1113 | D:2      | HP: 5/28 [gnoll/+0 flail (8)]
  1117 | D:2      | HP: 2/28 [gnoll/+0 spear (4)]
  1126 | D:2      | Noticed Natasha
  1130 | D:2      | HP: 4/28 [Natasha/puff of flame (2)]
  1130 | D:2      | Killed from afar by Natasha

Levels and vault maps discovered:
D:1:      amcnicky_arrival_gap_in_the_tavern_cellar, layout_basic
D:2:      layout_loops_ring, minmay_pentomino_z2, uniq_natasha

Skill      XL: |  1  2  3 |
---------------+----------+-----
Ranged Weapons | 5 |  5.3
Fighting       | 3 |  3.4
Dodging        | |  1.5
Stealth        | |  1.1

Action                     |  1- 3 |  4- 6 || total
---------------------------+-------+-------++-------
   Fire: Shortbow          |    86 |    24 ||   110
    Use: Scroll            |     5 |       ||     5
 Armour: Leather armour    |    19 |    13 ||    32
  Dodge: Dodged            |    13 |     6 ||    19

Table legend:
 A = Non-vault XP
 B = Vault XP
 C = Vault XP percentage of total XP
 D = Non-vault monster count
 E = Vault monster count
 F = Vault count percentage of total count
                 A         B        C        D         E       F
            +---------+---------+-------+---------+---------+-------
      Total |     100 |      35 |  25.9 |      36 |       1 |   2.7
            +---------+---------+-------+---------+---------+-------
        D:1 |      29 |       0 |   0.0 |      17 |       0 |   0.0
        D:2 |      71 |      35 |  33.0 |      19 |       1 |   5.0
            +---------+---------+-------+---------+---------+-------
